 Dungeon Crawl Stone Soup version 0.16-a0-3425-gb4a0a08 (webtiles) character file.

28 stonewall the Slasher (level 2, 0/22 HPs)
             Began as a Mummy Warper on Dec 31, 2014.
             Slain by a giant gecko (1 damage)
             ... on level 2 of the Dungeon.
             The game lasted 00:02:39 (1871 turns).

stonewall the Slasher (Mummy Warper)                Turns: 1871, Time: 00:02:39

Health: 0/22       AC:  3    Str: 14    XL:     2   Next: 96%
Magic:  4/4        EV: 10    Int: 12    God:
Gold:   43         SH:  3    Dex: 11    Spells: 1 memorised, 4 levels left

rFire  x . .     SeeInvis .     a - +0 falchion
rCold  + . .     Clarity  .     b - +0 leather armour
rNeg   + + +     SustAb   .     g - +0 buckler
rPois  ∞         Gourm    .     (no helmet)
rElec  .         Spirit   .     (no cloak)
rCorr  .         Warding  .     (no gloves)
rMut   .         Stasis   .     (no boots)
MR     .....                    (no amulet)
Stlth  +.........               (no ring)
                                (no ring)

@: not resistant to hostile enchantments, very unstealthy
A: no food or potions, fire vulnerability, restore body, cold resistance 1,
negative energy resistance 3, poison resistance, torment resistance, unbreathing
a: no special abilities


You were on level 2 of the Dungeon.
You were not hungry.

You visited 1 branch of the dungeon, and saw 2 of its levels.

You collected 43 gold pieces.

Inventory:

Hand weapons
 a - a +0 falchion (weapon)
Armour
 b - a +0 leather armour (worn)
 g - a +0 buckler (worn)
Jewellery
 e - an uncursed ring of invisibility {unknown}
 k - a +4 ring of evasion {unknown}
Scrolls
 d - a scroll of blinking
 f - 3 scrolls of identify {unknown}
 h - 2 scrolls of remove curse {unknown}
 i - 3 scrolls of teleportation {unknown}
 j - a scroll of random uselessness {unknown}
 l - a scroll of fog {unknown}
 m - a scroll of magic mapping {unknown}
Books
 c - a book of Spatial Translocations

   Spells                             Type                      Level
   a - Apportation                    Translocation                1
   b - Blink                          Translocation                2
   c - Shroud of Golubria             Charms/Translocation         2
   d - Portal Projectile              Translocation                3
   e - Teleport Other                 Translocation                3
   f - Passage of Golubria            Translocation                4


   Skills:
 - Level 2.0 Fighting
 + Level 2.8 Long Blades
 - Level 0.7 Throwing
 - Level 0.7 Armour
 - Level 1.5 Dodging
 - Level 2.0 Spellcasting
 - Level 2.4 Translocations


You had 4 spell levels left.
You knew the following spells:

 Your Spells              Type           Power        Failure   Level  Hunger
a - Apportation           Tloc           #.........   21%         1    N/A

Dungeon Overview and Level Annotations

Branches:
Dungeon (2/15)

Altars:


Innate Abilities, Weirdness & Mutations

You do not eat or drink.
Your flesh is vulnerable to fire.
Your flesh is cold resistant.
You are immune to negative energy.
Your system is resistant to poisons.
You are immune to unholy pain and torment.
You can survive without breathing.


Message History

The giant gecko bites you.
* * * LOW HITPOINT WARNING * * *
The giant gecko bites you but does no damage.
You barely miss the giant gecko. The giant gecko closely misses you.
You miss the giant gecko. The giant gecko closely misses you.
The giant gecko closely misses you.
You barely miss the giant gecko. The giant gecko bites you.
* * * LOW HITPOINT WARNING * * *
You hit the giant gecko.
The giant gecko is moderately wounded.
The giant gecko bites you.
* * * LOW HITPOINT WARNING * * *
The giant gecko closely misses you.
You closely miss the giant gecko.
The giant gecko is moderately wounded.
The giant gecko barely misses you.
You barely miss the giant gecko.
The giant gecko is moderately wounded.
The giant gecko closely misses you. The giant gecko bites you.
You die...

##### #.... #.###
############# #.#..
###...........###.#.#
.'.................(
######..................
.........................
.$.....l@................
.....................!...
........................
........................
......##########........
..... ########........
[.?. .........#+##... ...
#######..#.##.#.
##.#.##.#.


You could see a giant gecko.

Vanquished Creatures
  A giant gecko (D:1)
  5 bats
  6 hobgoblins
  3 kobolds
  A giant cockroach (D:2)
  A giant newt (D:2)
  2 goblins (D:1)
  4 jackals
  A rat (D:1)
24 creatures vanquished.

Notes
Turn   | Place    | Note
--------------------------------------------------------------
     0 | D:1      | stonewall, the Mummy Warper, began the quest for the Orb.
     0 | D:1      | Reached XP level 1. HP: 16/16 MP: 3/3
   115 | D:2      | Reached XP level 2. HP: 4/22 MP: 4/4
   793 | D:1      | HP: 1/22 [hobgoblin/club (4)]
  1461 | D:2      | HP: 1/22 [worm (8)]
  1869 | D:2      | HP: 1/22 [giant gecko (4)]
  1871 | D:2      | Slain by a giant gecko

Action                   || total
-------------------------++-------
Melee: Falchion          ||   117
Throw: Tomahawk          ||     5
